[Event "44th Chess Olympiad Women 2022"]
[Site "Chennai"]
[Date "2022.07.30"]
[Round "2.1"]
[White "Koneru, Humpy"]
[Black "Zuriel, Marisa"]
[Result "1/2-1/2"]
[ECO "A57"]
[WhiteElo "2586"]
[BlackElo "2174"]
[Annotator "ChessBase"]
[PlyCount "87"]
[EventDate "2022.07.29"]
[EventType "team-tourn"]
[EventCountry "IND"]
[SourceTitle "playchess.com"]
[Source "ChessBase"]
[SourceQuality "1"]
[WhiteTeam "India"]
[BlackTeam "Argentina"]
[WhiteTeamCountry "IND"]
[BlackTeamCountry "ARG"]
[TimeControl "40/5400+30:1800+30"]

1. d4 Nf6 2. c4 c5 3. d5 b5 4. Qc2 b4 5. e4 d6 6. Bd3 g6 7. Ne2 Bg7 8. O-O O-O 9. Nd2 Nbd7 10. f4 a5 11. a4 e6 12. Nf3 exd5 13. exd5 Re8 14. h3 Rb8 15. Bd2 Ba6 16. Rae1 Qb6 17. Kh2 Re7 18. Ng3 Rbe8 19. Rxe7 Rxe7 20. b3 Qd8 21. f5 Qe8 22. Bg5 Bc8 23. Qd2 Qf8 24. Bf4 Re8 25. Kh1 Qe7 26. Qc2 Qf8 27. Qd2 Qe7 28. Bc2 Qf8 29. Ng5 Ne5 30. fxg6 hxg6 31. N3e4 Nxe4 32. Bxe4 f5 33. Bc2 Qe7 34. Qf2 Bf6 35. Qh4 Qg7 36. Qg3 Bd7 37. Bd1 Bc8 38. Bf3 Bd7 39. Re1 Re7 40. Ne6 Bxe6 41. dxe6 g5 42. Bxe5 Bxe5 43. Qf2 g4 44. Bd5 1/2-1/2

[Event "44th Chess Olympiad Women 2022"]
[Site "Chennai"]
[Date "2022.07.30"]
[Round "2.1"]
[White "Tania, Sachdev"]
[Black "Borda Rodas, Anapaola S."]
[Result "1-0"]
[ECO "D85"]
[WhiteElo "2399"]
[BlackElo "2183"]
[Annotator "TA"]
[PlyCount "71"]
[EventDate "2022.07.29"]
[EventType "team-tourn"]
[EventCountry "IND"]
[SourceTitle "playchess.com"]
[Source "ChessBase"]
[SourceQuality "1"]
[WhiteTeam "India"]
[BlackTeam "Argentina"]
[WhiteTeamCountry "IND"]
[BlackTeamCountry "ARG"]
[TimeControl "40/5400+30:1800+30"]

1. d4 Nf6 2. c4 g6 3. Nc3 d5 4. cxd5 Nxd5 5. Bd2 Bg7 6. e4 Nxc3 7. Bxc3 O-O 8. Qd2 c5 {[%emt 0:01:50][%cal Rc5d4] D85: Exchange Grünfeld: Unusual White 7th moves and lines with 7 Nf3.} 9. d5 e6 10. Bxg7 Kxg7 {[%emt 0:02:23] The position is equal.} 11. Bc4 Nd7 12. Ne2 Nb6 13. b3 {[%emt 0:08:16] [#]} Qf6 $146 (13... Qh4 $5 ) ({Predecessor:} 13... Qh4 14. Ng3 exd5 15. Bxd5 Rd8 16. O-O Nxd5 17. exd5 Qd4 18. Nh5+ Kh8 19. Qg5 Rxd5 {½-½ (26) Susla,V (2315)-Husemann,A (2248) LSS email 2015}) 14. O-O Rd8 15. Rad1 exd5 16. exd5 Bf5 17. Qa5 (17. f3 $16) 17... Nd7 (17... Bc2 $11 18. Rc1 Be4) 18. Rfe1 a6 19. a4 {[%emt 0:03:43] Against b5} b5 20. axb5 axb5 21. Qxb5 Rab8 22. Qa4 Bc2 (22... Ne5 $1 $11) 23. Rc1 (23. Rd2 $5 Nb6 24. Qa3 Nxc4 25. bxc4 $16) 23... Qb2 ({Black should try} 23... Ra8 $14 24. Qc6 (24. Rxc2 Rxa4 25. bxa4 Ne5 $17) 24... Be4) 24. Qa5 $1 $16 Ne5 25. Qd2 $36 {[%emt 0:01:40][%mdl 2048] Keeping Black busy.} Nxc4 26. bxc4 (26. Qxc2 $6 Qxc2 27. Rxc2 Na5 $11) 26... Bf5 27. Qf4 Rb4 $2 (27... h6 $16 28. g4 Bc2) 28. Ng3 Bd3 {[%emt 0:00:49] [#]} (28... Qf6 29. h3 Rbb8) 29. Nh5+ $1 Kg8 (29... Kh8 30. Qc7) 30. Qh4 (30. Qe3 $142 {[%cal Oe3e8] White wants to mate with Qe8+!} h6 31. Qxd3 gxh5 32. Qe3) 30... Rf8 (30... Rbb8 {keeps fighting.}) 31. Nf6+ $18 Kg7 32. Nd7 (32. Nxh7 Rh8 33. Qg3 Rxc4 $11) (32. Qxh7+ Kxf6 33. Qh6 Rbb8 $17) (32. Ng4 $1 $18) 32... Re8 $1 $11 {[%emt 0:00:31][%cal Ob4c4] Strongly threatening ...Rxc4!} 33. h3 {[%emt 0:00:56] [#]} ({Not} 33. Nxc5 $2 Rxc4 $1 34. Qg5 (34. Nxd3 $2 Rxc1 35. g3 Rexe1+ $19) 34... Rxc5 $1 $19 ) (33. f3 $11 Rxc4 34. Rxc4 Rxe1+ 35. Qxe1 Bxc4 36. Qe3) 33... Rxe1+ $2 (33... Rxc4 $1 $15 {stays ahead.} 34. Rxc4 (34. Qg5 $2 h6 $19) 34... Rxe1+ 35. Kh2 h6 36. Rxc5 Rf1) 34. Rxe1 $18 Rxc4 $2 (34... Bf5 $18) 35. Qe7 h5 36. Ne5 {[%emt 0:00:50] Weighted Error Value: White=0.40/Black=0.67} 1-0

[Event "44th Chess Olympiad Women 2022"]
[Site "Chennai"]
[Date "2022.07.30"]
[Round "2.3"]
[White "Dzagnidze, Nana"]
[Black "Martynkova, Olena"]
[Result "1-0"]
[ECO "E66"]
[WhiteElo "2531"]
[BlackElo "2213"]
[Annotator "TA"]
[PlyCount "71"]
[EventDate "2022.07.29"]
[EventType "team-tourn"]
[EventCountry "IND"]
[SourceTitle "playchess.com"]
[Source "ChessBase"]
[SourceQuality "1"]
[WhiteTeam "Georgia"]
[BlackTeam "Lithuania"]
[WhiteTeamCountry "GEO"]
[BlackTeamCountry "LTU"]
[TimeControl "40/5400+30:1800+30"]

1. d4 Nf6 2. c4 g6 3. Nf3 Bg7 4. g3 O-O 5. Bg2 d6 6. Nc3 c5 7. O-O Nc6 8. d5 Na5 9. Nd2 e6 10. Qc2 exd5 11. cxd5 Bd7 {[%emt 0:02:26] E66: King's Indian: Fianchetto: 6...c5 7 0-0 Nc6 8 d5.} 12. b3 b5 13. Bb2 b4 {[%emt 0:01:44] Hoping for ...c4. White has an edge.} 14. Nce4 Bb5 {[%emt 0:18:56] [#]} 15. Rfe1 $146 ({Predecessor:} 15. Nxf6+ Bxf6 16. a3 Nb7 17. Rfe1 a5 18. e4 Bd3 19. Bxf6 Bxc2 20. Bxd8 Rfxd8 21. Rac1 {1-0 (32) Banusz,T (2611)-Popiol,M (2118) Biel 2022}) 15... Rc8 16. Nxf6+ Bxf6 17. Bh3 Rc7 18. a3 {[%emt 0:00:14] axb4 is the strong threat.} Bxb2 19. Qxb2 Nb7 20. axb4 cxb4 21. Rxa7 {[%emt 0:00:07] White is more active.} Nc5 22. Rxc7 Qxc7 23. Qd4 Rb8 (23... Qe7 $142) 24. Bf1 $16 (24. Qxb4 $6 Bd7 25. Qh4 Qa5 $14) 24... Qe7 25. Ra1 (25. Qxb4 Nd3 26. exd3 Qxe1 27. Qxd6 Re8 $15) 25... Re8 26. e3 $36 {[%emt 0:02:47][%mdl 2048] White is in control.} (26. Qxb4 Bxe2 27. Qb6 Nd3 $14) 26... Bxf1 27. Kxf1 Qb7 28. Rc1 (28. Kg2 $142) 28... Qa6+ 29. Rc4 Rb8 (29... Nd7 $16 {is a better defense.}) 30. Kg2 $18 Qa3 (30... Re8 $142 31. g4 (31. Rxb4 Qe2 $11) 31... Qa5) 31. Qf6 Nxb3 $2 (31... Rf8 32. Ne4 Nxe4 33. Rxe4 Qa5 34. Qxd6 Rd8) 32. Qxd6 Re8 33. Ne4 {[%emt 0:00:53] Nf6+ would kill now.} Ra8 34. Rxb4 (34. Nf6+ $142 Kg7 35. Rc7 Qa6 36. Ne8+ $1 Rxe8 37. Qxa6 Nd2 38. Qa7 Rf8 39. Qd4+ Kh6 40. Qxd2) 34... Rf8 35. Nf6+ Kg7 {[%emt 0:00:04] [#]} 36. Ng4 {[%emt 0:00:13] Weighted Error Value: White=0.06 (flawless) /Black=0.86} (36. Qe5 $142 $1 Qa1 37. Rd4 Rc8 38. Ne8+ Kf8 {[#]} 39. d6 $1 Qh1+ 40. Kxh1 Rc1+ 41. Kg2 Rg1+ 42. Kxg1 f5 43. Qg7+ Kxe8 44. Qe7#) 1-0

[Event "44th Chess Olympiad Women 2022"]
[Site "Chennai"]
[Date "2022.07.30"]
[Round "2.4"]
[White "Radikovic, Anamarija"]
[Black "Malicka, Maria"]
[Result "0-1"]
[ECO "C03"]
[WhiteElo "2099"]
[BlackElo "2393"]
[Annotator "TA"]
[PlyCount "48"]
[EventDate "2022.07.29"]
[EventType "team-tourn"]
[EventCountry "IND"]
[SourceTitle "playchess.com"]
[Source "ChessBase"]
[SourceQuality "1"]
[WhiteTeam "Croatia"]
[BlackTeam "Poland"]
[WhiteTeamCountry "CRO"]
[BlackTeamCountry "POL"]
[TimeControl "40/5400+30:1800+30"]

1. e4 {[%emt 0:00:30] ChessBase II} e6 2. d4 d5 3. Nd2 Be7 4. e5 c5 5. c3 cxd4 6. cxd4 {[%emt 0:00:30] C03: French Tarrasch: Unusual Black 3rd moves.} Qb6 {[%emt 0:00:30] 6...Qb6 scores better than 6...Nc6.} 7. Qg4 (7. Ngf3 $142) 7... Kf8 {[%emt 0:00:30] [#]} 8. Bd3 $146 {[%emt 0:00:30] The position is equal.} ({Predecessor:} 8. Ngf3 Bd7 9. Qf4 Nh6 10. Bd3 Bb5 11. Bxb5 Qxb5 12. Qe3 Nc6 13. Qe2 Qxe2+ 14. Kxe2 {1-0 (48) Stany,G (2494)-Hoolt,S (2392) Cappelle la Grande 2018 EXT 2019 [ChessBase II]}) 8... h5 9. Qf4 g5 10. Qe3 Nc6 11. Ne2 Nh6 12. Nb3 a5 13. f4 a4 $36 {[%emt 0:00:30][%mdl 2048] Threatens to win with ...gxf4. White is under pressure.} 14. Nc5 $2 {[%emt 0:00:30] This move loses the game for White.} (14. Nd2 $15) 14... Ng4 15. Qg1 {[%emt 0:00:30] [#]} (15. Qg3) 15... Nxd4 $1 $19 {[%emt 0:00:30][%mdl 512] Black is clearly winning.} 16. b4 Qxb4+ 17. Bd2 {[%emt 0:00:30] [#]} Nxe2 $1 18. Bxb4 Nxg1 19. Bb5 {[%emt 0:00:30] [#]} gxf4 $1 20. Rxg1 Nxe5 {[%emt 0:00:30] Strongly threatening ...b6.} 21. Rf1 Rg8 22. Rxf4 Rxg2 23. Kf1 Rxh2 {[%emt 0:00:30] ...Rh1+ is the strong threat.} 24. Kg1 {[%emt 0:00:30] Prevents Rh1+.} Rc2 {[%emt 0:00:30] Weighted Error Value: White=0.61/Black=0.07 (flawless)} 0-1

[Event "44th Chess Olympiad Women 2022"]
[Site "Chennai"]
[Date "2022.07.30"]
[Round "2.5"]
[White "Savina, Anastasia"]
[Black "Moaataz, Ayah"]
[Result "1-0"]
[ECO "D46"]
[WhiteElo "2377"]
[BlackElo "2119"]
[Annotator "TA"]
[PlyCount "73"]
[EventDate "2022.07.29"]
[EventType "team-tourn"]
[EventCountry "IND"]
[SourceTitle "playchess.com"]
[Source "ChessBase"]
[SourceQuality "1"]
[WhiteTeam "France"]
[BlackTeam "Egypt"]
[WhiteTeamCountry "FRA"]
[BlackTeamCountry "EGY"]
[TimeControl "40/5400+30:1800+30"]

1. d4 d5 2. c4 c6 3. Nc3 Nf6 4. Nf3 e6 5. e3 Nbd7 6. Qc2 Bd6 7. Bd3 dxc4 8. Bxc4 O-O 9. O-O e5 10. h3 h6 11. Bb3 {[%emt 0:04:53] [#] D46: Semi-Slav: 5 e3 Nbd7 6 Bd3, Black avoids the Meran.} ({White should play} 11. Rd1 $14 exd4 12. Nxd4 (12. Rxd4 Qe7 $11)) 11... Kh8 $146 (11... Re8 $1 $11) ({Predecessor:} 11... Re8 12. dxe5 Nxe5 13. Nd4 c5 14. Nf5 Bxf5 15. Qxf5 Qc8 16. Qxc8 Raxc8 17. Rd1 Bc7 18. f4 Nc6 {½-½ (51) Wang,H (2712)-Lu,S (2599) Baku 2015}) 12. Bd2 $14 exd4 13. exd4 {[%emt 0:00:45] White is slightly better.} Nh5 (13... Nb6 $14) 14. Rae1 {[%emt 0:15:36] White is more active.} Bf4 (14... Nf4 $16 {might work better.}) 15. g4 $18 Bxd2 16. Qxd2 Qf6 {[%emt 0:02:30] [#]} 17. Bd1 ({And not} 17. gxh5 Qxf3 18. Re3 Qxh5 $15) 17... Nb6 (17... Nf4 $2 18. Ne4 Nxh3+ 19. Kg2) 18. Ne4 (18. gxh5 Bxh3 19. Qd3 Nd7) 18... Qf4 19. gxh5 Qxd2 20. Nexd2 {[%emt 0:01:20] Kh2 is the strong threat.} ({Don't do} 20. Nfxd2 $6 Bxh3 21. Nc5 Rab8 $16) 20... Bxh3 21. Re7 Bxf1 22. Kxf1 Rad8 (22... Rab8 $142 23. Bb3 Nd5 24. Bxd5 cxd5) 23. Rxb7 Rd7 24. Rxd7 Nxd7 25. Ba4 Rc8 26. Ne4 ({Don't play} 26. d5 $6 Nb6 $16) 26... Nb6 (26... Kg8 $142 27. Nd6 Rc7) 27. Nd6 Rc7 28. Bb3 Nd5 29. Ne5 Kh7 30. Ndxf7 Nf4 31. Nd8 c5 (31... Nxh5 32. Ndxc6 Nf6) 32. d5 Re7 33. Ndc6 Rb7 34. d6 c4 35. Bc2+ Kg8 36. d7 {[%emt 0:01:00][%cal Rd7d8] [#]} Ne6 37. Bf5 {[%emt 0:00:16] Black got outplayed after the opening.  Weighted Error Value: White=0.10 (very precise) /Black=0.58} 1-0

[Event "44th Chess Olympiad Women 2022"]
[Site "Chennai"]
[Date "2022.07.30"]
[Round "2.5"]
[White "Mona, Khaled"]
[Black "Guichard, Pauline"]
[Result "0-1"]
[ECO "D24"]
[WhiteElo "2127"]
[BlackElo "2379"]
[Annotator "TA"]
[PlyCount "74"]
[EventDate "2022.07.29"]
[EventType "team-tourn"]
[EventCountry "IND"]
[SourceTitle "playchess.com"]
[Source "ChessBase"]
[SourceQuality "1"]
[WhiteTeam "Egypt"]
[BlackTeam "France"]
[WhiteTeamCountry "EGY"]
[BlackTeamCountry "FRA"]
[TimeControl "40/5400+30:1800+30"]

1. d4 Nf6 2. c4 e6 3. Nf3 d5 4. Nc3 dxc4 5. e4 b5 6. Qc2 {[%emt 0:05:03] D24: Queen's Gambit Accepted: 3 Nf3 Nf6 4 Nc3.} (6. e5 $14 Nd5 7. Nxb5) 6... a6 $15 7. Bg5 {[%emt 0:12:36] [#]} h6 $146 ({Predecessor:} 7... Nbd7 8. Be2 Bb7 9. Nd2 h6 10. Be3 c5 11. O-O cxd4 12. Bxd4 Bc5 13. Bxc5 Nxc5 {0-1 (34) Przybylski,W (2321)-Liyanage,R (2203) Chess.com INT 2021}) 8. Bxf6 {[%emt 0:00:12] Black is slightly better.} Qxf6 9. a4 c5 10. d5 b4 11. Nd1 exd5 {[%emt 0:08:36] Threatens to win with ...Qe7.} 12. exd5 Bf5 13. Qd2 ({White should play} 13. Qxc4 $15 Nd7 14. Bd3) 13... Bd6 $1 $17 14. Bxc4 O-O $1 15. O-O Be4 {[%emt 0:01:38] This bishop pair is nice.} 16. Be2 Nd7 17. Ne3 $2 (17. Re1 {was necessary.}) 17... Bxf3 $19 18. Bxf3 Qf4 19. Rfc1 Qxh2+ 20. Kf1 Rfe8 21. Ke2 Re7 22. Rh1 Qf4 23. Rac1 (23. Kf1 {keeps fighting.}) 23... Rae8 {[%emt 0:02:43] And now ...Ne5 would win.} 24. Kf1 $2 (24. Rh3) 24... Ne5 $2 (24... Rxe3 $19 25. fxe3 Rxe3) 25. Rh3 $17 c4 26. Be2 {[%emt 0:01:53] Prevents Nd3.} f5 (26... Bc5 $19 27. Kg1 Rd8) 27. g3 Qe4 {[%emt 0:02:16] aiming for ...f4. Black is much more active.} 28. Bxc4 {[%emt 0:06:23] This move loses the game for White.} (28. Rh5 $17) 28... f4 $1 $19 29. gxf4 Qxf4 $40 {[%emt 0:00:05][%mdl 128] Hoping for ...Ng4. White is in trouble.} 30. Be2 {[%emt 0:01:29] Inhibits Ng4.} (30. Qe2 Rf7 31. Rc2) 30... Rf8 31. Qe1 Ref7 32. Nc4 {[%emt 0:03:31] [#]} (32. Rc6 $142 Nxc6 33. dxc6) 32... Qg5 (32... Qd4 $142 $1 33. Ne3 (33. Kg1 Rxf2) 33... Qxb2) 33. f3 (33. Ne3 $19) 33... Nxf3 34. Bxf3 Rxf3+ 35. Rxf3 Rxf3+ 36. Ke2 {[%emt 0:00:09] [#]} Qg2+ (36... Rh3 $142 $1 37. Qg1 Qh5+ 38. Kd2 Bf4+ 39. Ke1 Rh1 40. Kf2 Bxc1 41. Qxh1 Qxh1 42. Nb6 Bxb2 43. Kg3 Qg1+ 44. Kf3 Qxb6 45. a5 Qd4 46. d6 Qd3+ 47. Kf2 Bd4+ 48. Kg2 Qe2+ 49. Kh3 Be5 50. Kh4 g5+ 51. Kh3 Qf3#) 37. Kd1 Rf1 {[%emt 0:00:06] Weighted Error Value: White=0.67/Black=0.57} 0-1

[Event "44th Chess Olympiad Women 2022"]
[Site "Chennai"]
[Date "2022.07.30"]
[Round "2.5"]
[White "Wafa, Shahenda"]
[Black "Navrotescu, Andreea"]
[Result "0-1"]
[ECO "C55"]
[WhiteElo "2115"]
[BlackElo "2373"]
[Annotator "TA"]
[PlyCount "70"]
[EventDate "2022.07.29"]
[EventType "team-tourn"]
[EventCountry "IND"]
[SourceTitle "playchess.com"]
[Source "ChessBase"]
[SourceQuality "1"]
[WhiteTeam "Egypt"]
[BlackTeam "France"]
[WhiteTeamCountry "EGY"]
[BlackTeamCountry "FRA"]
[TimeControl "40/5400+30:1800+30"]

1. e4 e5 2. Nf3 Nc6 3. Bb5 a6 4. Ba4 Nf6 5. O-O Be7 6. d3 b5 7. Bb3 d6 8. c3 O-O 9. h3 {[%emt 0:03:49] now scores much better than the old 9.Re1.} Na5 10. Bc2 c5 {[%emt 0:00:23] C55: Two Knights: 4 d3, 4 d4 exd4 5 e5 and Max Lange Attack.} 11. d4 Qc7 12. d5 c4 ({Black should try} 12... Nd7 $11) 13. Nbd2 (13. b4 $14) 13... Nb7 $11 14. Re1 Nc5 15. Nf1 {[%emt 0:00:25] [#]} Ne8 $146 ({Predecessor:} 15... Bd7 16. Ng3 Rfc8 17. Nh2 Qb6 18. Qf3 g6 19. Bg5 Kg7 20. Qe3 Na4 21. Qc1 Rab8 22. a3 Nc5 23. h4 h5 24. Be3 Qd8 25. f4 Ng4 26. Nxg4 Bxh4 {0-1 (26) Romanov,N (1587)-Filimonov,M (1915) St Petersburg 2019}) 16. g4 (16. b4 $142 Nd3 17. Bxd3 cxd3 18. Qxd3) 16... h5 17. N3h2 (17. Ne3 $11) 17... g6 (17... hxg4 $15 18. hxg4 Nf6) 18. gxh5 Bxh3 19. Qf3 Qc8 20. Qg3 $2 (20. Ng3 $14 {stays ahead.}) 20... Ng7 $1 $17 21. hxg6 Nh5 $1 22. gxf7+ Kxf7 23. Qf3+ Kg6 {[%emt 0:00:02][%mdl 1024] Black has strong compensation. Chess con chili.} 24. Qe3 (24. Qe2 $142 Bh4 25. Ng3 (25. Bd1 $2 Bxf2+ 26. Kh1 Ng7 $19) 25... Nxg3 26. Qe3) 24... Nf4 $1 $19 25. Ng3 Kh7 {[%emt 0:05:02] aiming for ...Bg2.} 26. Qf3 {[%emt 0:02:47] [#]} Bg2 (26... Qe8 $1 $19 {Threatens to win with ...Nfd3.} 27. Bxf4 Rxf4) 27. Qd1 $17 Qh3 {[%emt 0:03:11][%cal Og2h1] 0x0.00144e10923ddp-1022s more active pieces.} 28. Bxf4 Rxf4 (28... exf4 $17 29. Qh5+ Qxh5 30. Nxh5 Bh3) 29. Qh5+ $15 Qxh5 30. Nxh5 {[%emt 0:00:21] [#]} Rg8 $1 $36 {[%emt 0:00:06][%cal Rg2e4][%mdl 2048] Black has the initiative.} 31. Nxf4 exf4 32. f3 {[%emt 0:08:22] [#]} (32. Rad1 $1 $15) 32... Bh4 $1 $17 {[%emt 0:08:12] Strongly threatening ...Nd3.} 33. e5+ $2 (33. Red1) 33... Nd3 $19 {[%emt 0:00:21] ( -> ...Bf2#)} ({Inferior is} 33... Kh8 34. exd6 Bxf3+ 35. Kf1 Bg2+ 36. Ke2 $11) 34. Bxd3+ cxd3 35. Red1 Bxf3+ {[%emt 0:00:35][%mdl 64] Discovered Attack, Double Attack.  Weighted Error Value: White=0.84/Black=0.17 (very precise)} 0-1

[Event "44th Chess Olympiad Women 2022"]
[Site "Chennai"]
[Date "2022.07.30"]
[Round "2.6"]
[White "Tuominen, Tanja"]
[Black "Mammadova, Gulnar"]
[Result "0-1"]
[ECO "A08"]
[WhiteElo "2080"]
[BlackElo "2380"]
[Annotator "TA"]
[PlyCount "78"]
[EventDate "2022.07.29"]
[EventType "team-tourn"]
[EventCountry "IND"]
[SourceTitle "playchess.com"]
[Source "ChessBase"]
[SourceQuality "1"]
[WhiteTeam "Finland"]
[BlackTeam "Azerbaijan"]
[WhiteTeamCountry "FIN"]
[BlackTeamCountry "AZE"]
[TimeControl "40/5400+30:1800+30"]

1. e4 e6 2. d3 d5 3. Nd2 c5 4. Ngf3 Nc6 5. g3 g6 6. Bg2 Bg7 7. O-O Nge7 8. Re1 b6 9. Nf1 dxe4 {[%emt 0:09:30] was the old line (9...h6). A08: King's Indian Attack.} 10. dxe4 Ba6 {[%emt 0:08:09] Against Qe2} 11. c3 {[%emt 0:10:18] [#]} Qc7 $146 {[%emt 0:02:42] The position is equal.} ({Predecessor:} 11... Qxd1 12. Rxd1 O-O 13. Bg5 Rfd8 14. Bxe7 Nxe7 15. Ne3 Bb7 16. Ne1 b5 17. Rxd8+ Rxd8 18. Rd1 Rxd1 19. Nxd1 Nc6 20. f4 c4 {0-1 (53) Samolins,V (2407)-Gleizerov,E (2566) Jurmala 2012}) 12. Bg5 h6 13. Bxe7 Qxe7 14. Qa4 Bb7 15. e5 (15. N3d2 $5 ) 15... O-O 16. h4 Qc7 17. Qf4 Rae8 18. N1h2 f5 {[%emt 0:07:59] Prevents Ng4.} (18... Ne7 {is interesting.} 19. Ng4 Nf5 20. Qc4 Qe7) 19. Rad1 (19. exf6 $11 Qxf4 20. gxf4 Rxf6 21. Ne5 Nxe5 22. fxe5) 19... Rd8 (19... Nd8 $17) 20. Rxd8 (20. Rd2 $11 {might be stronger.}) 20... Rxd8 21. g4 Rd5 (21... Qd7 $17 22. h5 Ne7) 22. h5 g5 23. Nxg5 {[%emt 0:00:33] This costs White the game.} Rxe5 $19 ({Weaker is} 23... hxg5 24. Qxg5 Qe7 25. Qxe7 Nxe7 26. Bxd5 Nxd5 27. gxf5 $11) 24. Rf1 {[%emt 0:02:03] Nxe6 is the strong threat.} hxg5 25. Qxg5 {[%emt 0:00:06] [#]} fxg4 $1 26. Qxg4 Kh8 {[%emt 0:04:12] Threatens to win with ...Rf5.} 27. Nf3 $2 (27. h6 {only move.} Bxh6 28. Qh3) 27... Rf5 28. Nh4 Ne5 29. Ng6+ Nxg6 30. hxg6 Bxg2 31. Kxg2 Qc6+ 32. Kg3 Qd6+ 33. f4 Rd5 34. Re1 Rd3+ 35. Kf2 Rd2+ 36. Kg1 Qd3 37. f5 {[%emt 0:01:24] And now f6 would win.} Bh6 {[%emt 0:01:38] ( -> ...Be3+)} 38. Qh4 {[%emt 0:01:28] [#]} Kg8 $1 39. g7 (39. Qf2 Rxf2) 39... Be3+ {[%emt 0:00:33] Weighted Error Value: White=0.53/Black=0.08 (flawless)} 0-1

[Event "44th Chess Olympiad Women 2022"]
[Site "Chennai"]
[Date "2022.07.30"]
[Round "2.7"]
[White "Krush, Irina"]
[Black "Yakubbaeva, Nilufar"]
[Result "1-0"]
[ECO "E17"]
[WhiteElo "2430"]
[BlackElo "2299"]
[Annotator "TA"]
[PlyCount "57"]
[EventDate "2022.07.29"]
[EventType "team-tourn"]
[EventCountry "IND"]
[SourceTitle "playchess.com"]
[Source "ChessBase"]
[SourceQuality "1"]
[WhiteTeam "United States"]
[BlackTeam "Uzbekistan"]
[WhiteTeamCountry "USA"]
[BlackTeamCountry "UZB"]
[TimeControl "40/5400+30:1800+30"]

1. d4 Nf6 2. c4 e6 3. Nf3 b6 4. g3 Bb7 5. Bg2 Be7 6. O-O Na6 7. Nc3 O-O 8. d5 Bb4 9. Nd4 {[%emt 0:06:28] E17: Queen's Indian: 4 g3 Bb7 5 Bg2 Be7.} Bxc3 10. bxc3 Nc5 11. Nb3 {[%emt 0:01:34] White has an edge.} Nce4 12. Qc2 (12. Qd4 $14 exd5 13. cxd5 Bxd5 14. c4) 12... exd5 $11 13. cxd5 Bxd5 14. c4 Bb7 15. Bb2 Re8 $1 {[%emt 0:05:15] [#]} 16. Nd4 $146 ({Predecessor:} 16. f3 Ng5 17. h4 Ne6 18. e4 d6 19. Rad1 Nd7 20. f4 f6 21. e5 Bxg2 22. Qxg2 fxe5 23. fxe5 dxe5 {0-1 (53) Poetter,C (2011)-Dahm,B (2080) Nordrheinwestfalen 2019}) 16... d6 (16... c5 $15 17. Nf5 d5 18. cxd5 Qxd5 19. Nh6+ Kf8 20. Bxf6 Qh5) 17. Nf5 Qc8 18. Bh3 {[%emt 0:01:56][%cal Of5h6] And now Nh6+! would win. This bishop pair is nice.} Kh8 19. f3 {[%emt 0:01:53] Strongly threatening Qc1.} Ng5 20. Bg2 {[%emt 0:02:27][%mdl 1024] White has compensation.} Qd8 (20... Ne6 $1 $11) 21. e4 Ne6 22. h4 Ng8 23. Rad1 Ne7 {[%emt 0:01:46] [#]} ({Black should try} 23... Bc6 $14) 24. Qc3 $1 $16 {[%emt 0:07:56][%cal Rf5g7] White is much more active.} f6 {[%emt 0:03:09] [#]} (24... Rg8 $16) 25. Nxg7 $1 $18 {[%emt 0:01:23][%mdl 576] Remove Defender} Nxg7 26. Qxf6 $40 {[%emt 0:00:06][%csl Gb2][%cal Rf6g7][%mdl 128] White attacks with force.} Rg8 27. h5 Nc6 {[%emt 0:02:49] Threatens to win with ...Qxf6.} 28. h6 {[%emt 0:00:25][%mdl 64] Pin} Ne5 $2 (28... Qxf6 29. Bxf6 Rge8 30. hxg7+ Kg8) 29. Bxe5 {[%emt 0:00:41] Weighted Error Value: White=0.08 (flawless) /Black=0.33} 1-0